 Dungeon Crawl Stone Soup version 0.28-a0-653-g7e9dba17c3 (webtiles) character file.

Game seed: 16006785707661649540

1325 blank1 the Spear-Bearer (level 8, -30/63 HPs)
             Began as a Merfolk Gladiator on Oct 11, 2021.
             Annihilated by a two-headed ogre (31 damage)
             ... on level 10 of the Dungeon.
             The game lasted 00:09:49 (5195 turns).

blank1 the Spear-Bearer (Merfolk Gladiator)         Turns: 5195, Time: 00:09:50

Health: -30/63     AC:  7    Str: 16    XL:     8   Next: 60%
Magic:  8/8        EV: 12    Int:  7    God:
Gold:   190        SH:  0    Dex: 16    Spells: 7/7 levels left

rFire   . . .      SeeInvis .   s - +4 glaive
rCold   . . .      Faith    .   (shield currently unavailable)
rNeg    . . .      Spirit   .   i - +0 scale mail
rPois   .          Reflect  .   c - +0 helmet
rElec   .          Harm     .   (no cloak)
rCorr   .          Rampage  .   (no gloves)
Will    .....                   (no boots)
Stlth   ..........              (no amulet)
HPRegen 0.20/turn               (no ring)
MPRegen 0.11/turn               (no ring)

@: no status effects
A: (nimble swimmer 2), mertail
a: no special abilities


You were on level 10 of the Dungeon.
You visited 1 branch of the dungeon, and saw 7 of its levels.

You collected 190 gold pieces.

Inventory:

Hand Weapons
 a - a +0 trident
 s - a +4 glaive (weapon)
Missiles
 d - 3 throwing nets (quivered)
Armour
 c - a +0 helmet (worn)
 i - a +0 scale mail (worn)
 o - a +0 buckler
Jewellery
 v - an amulet of guardian spirit
Wands
 e - a wand of acid (7)
 q - a wand of paralysis (8)
 t - a wand of flame (12)
Scrolls
 b - a scroll of silence
 f - a scroll of holy word {unknown}
 k - 2 scrolls of teleportation {unknown}
 p - a scroll of torment {unknown}
 r - a scroll of amnesia {unknown}
 u - a scroll of vulnerability {unknown}
 w - a scroll of identify
Potions
 g - 2 potions of lignification
 h - 4 potions of curing
 j - 2 potions of haste
 l - a potion of heal wounds
 m - a potion of brilliance
 n - a potion of cancellation


   Skills:
 + Level 5.4 Fighting
 - Level 10.0 Polearms
 - Level 2.0 Throwing
 + Level 2.4 Armour
 + Level 6.5 Dodging
 - Level 3.6 Shields


You had 7 spell levels left.
You didn't know any spells.
Your spell library contained the following spells:

 Spells                   Type           Power      Damage    Failure   Level
 Ignite Poison            Fire/Tmut/Pois 0%         N/A       99%         3
 Mephitic Cloud           Conj/Pois/Air  0%         N/A       99%         3
 Freezing Cloud           Conj/Ice/Air   0%         6-21      100%        5


Dungeon Overview and Level Annotations

Branches:
Dungeon (5/15)
 Temple: D:4-7

Altars:
Cheibriados
Dithmenos
Uskayaw
Zin

Shops:
D:4 (   D:7 :   D:10 (

Annotations:
D:5 4 runed translucent doors


Innate Abilities, Weirdness & Mutations

((You are quick and stealthy near water. (Stealth+, EV+, Speed+++)))
Your lower body shifts to a powerful aquatic tail in water.


Message History

You fall into a shaft and drop 3 floors!
The shaft crumbles and collapses.
Found a ring mail.
Your legs become a tail as you enter the water.
Found a sling bullet.
Found Nyenodung's Firing Range.
Found a curare-tipped dart, an arrow and a bolt.
Found a throwing net.
There is an entrance to Nyenodung's Firing Range here.
A two-headed ogre comes into view. It is wielding two +0 giant clubs.
The two-headed ogre hits you with a +0 giant club.
The two-headed ogre closely misses you.
You slash the two-headed ogre!
The two-headed ogre is lightly wounded.
The two-headed ogre barely misses you. The two-headed ogre misses you.
You hit the two-headed ogre.
The two-headed ogre is lightly wounded.
The two-headed ogre hits you with a +0 giant club!
The two-headed ogre hits you but does no damage.
You slash the two-headed ogre!
The two-headed ogre is moderately wounded.
The two-headed ogre misses you. The two-headed ogre barely misses you.
You slash the two-headed ogre!
The two-headed ogre is moderately wounded.
The two-headed ogre hits you with a +0 giant club!! x2
* * * LOW HITPOINT WARNING * * *
You slash the two-headed ogre!
The two-headed ogre is severely wounded.
You barely miss the two-headed ogre.
The two-headed ogre is severely wounded.
The two-headed ogre closely misses you.
The two-headed ogre completely misses you.
You slash the two-headed ogre!
The two-headed ogre is almost dead.
The two-headed ogre hits you with a +0 giant club!
* * * LOW HITPOINT WARNING * * *
The two-headed ogre barely misses you.
You barely miss the two-headed ogre.
The two-headed ogre is almost dead.
The two-headed ogre hits you with a +0 giant club!!
You die...

##.P........#####
#####..#....#888#......
#.###...#...#..... #.#
##..#..(#.... ..#
#..#...#...
....####.#...#..
##......#.#..(#.# ..##
#...##∩##O####.# ..
##......@.....#
#.#####...##... #..
##.## #.. .# ... .#
.... .. ..... #. ..


You could see a two-headed ogre.

Vanquished Creatures
  A wraith (D:5)
  An ice beast (D:5)
  A sky beast (D:5)
  2 ogres
  2 phantoms
  4 scorpions
  A gnoll sergeant (D:5)
  A bullfrog zombie (D:3)
  3 hounds
  A gnoll shaman (D:5)
  A bullfrog skeleton (D:3)
  Ijyb (D:4)
  An iguana (D:4)
  A hound skeleton (D:4)
  4 gnolls
  4 adders
  A white imp (D:5)
  An ufetubus (D:5)
  A worm (D:3)
  4 dart slugs
  2 orcs (D:4)
  4 bats
  5 endoplasms
  6 giant cockroaches
  7 goblins
  8 hobgoblins
  6 jackals
  7 kobolds
  2 quokkas
  10 ball pythons
  3 frilled lizards
  5 rats
101 creatures vanquished.

Notes
Turn   | Place    | Note
-------+----------+-------------------------------------------
     0 | D:1      | blank1 the Merfolk Gladiator began the quest for the Orb.
     0 | D:1      | Reached XP level 1. HP: 16/16 MP: 1/1
   137 | D:1      | Reached XP level 2. HP: 23/23 MP: 2/2
   790 | D:2      | Reached XP level 3. HP: 28/28 MP: 3/3
   813 | D:2      | Reached skill level 5 in Polearms
  1139 | D:2      | Found a faded altar of an unknown god.
  1187 | D:2      | Reached skill level 1 in Armour
  1341 | D:3      | Reached XP level 4. HP: 23/35 MP: 4/4
  1473 | D:3      | Found a snail-covered altar of Cheibriados.
  1478 | D:3      | Reached skill level 5 in Dodging
  1485 | D:3      | Reached XP level 5. HP: 41/41 MP: 5/5
  1613 | D:3      | Found a glowing silver altar of Zin.
  1812 | D:3      | Found a hide-covered altar of Uskayaw.
  2142 | D:4      | Reached skill level 6 in Polearms
  2142 | D:4      | Reached skill level 1 in Shields
  2258 | D:4      | Noticed Ijyb
  2273 | D:4      | Killed Ijyb
  2274 | D:4      | Reached XP level 6. HP: 48/48 MP: 6/6
  3052 | D:4      | Reached XP level 7. HP: 34/54 MP: 7/7
  3200 | D:4      | Found a shadowy altar of Dithmenos.
  3586 | D:4      | Found Usubb's Weapon Boutique.
  3649 | D:5      | Entered Level 5 of the Dungeon
  3649 | D:5      | Found a large runed translucent door.
  3649 | D:5      | Found a large runed translucent door.
  3654 | D:5      | Noticed a yak
  4033 | D:5      | Found a large runed translucent door.
  4033 | D:5      | Found a large runed translucent door.
  4044 | D:5      | Noticed a wraith
  4053 | D:5      | Killed a wraith
  4054 | D:5      | Reached skill level 5 in Fighting
  4054 | D:5      | Reached skill level 7 in Polearms
  4334 | D:5      | Reached skill level 8 in Polearms
  4334 | D:5      | Reached XP level 8. HP: 62/62 MP: 8/8
  4338 | D:5      | Reached skill level 9 in Polearms
  4760 | D:5      | Reached skill level 10 in Polearms
  5152 | D:5      | You fall into a shaft and drop 2 floors!
  5152 | D:7      | Found Ytetarr's Book Shoppe.
  5156 | D:7      | You fall into a shaft and drop 3 floors!
  5156 | D:10     | Entered Level 10 of the Dungeon
  5183 | D:10     | Found Nyenodung's Firing Range.
  5186 | D:10     | Noticed a two-headed ogre
  5194 | D:10     | HP: 1/63 [two-headed ogre (10)]
  5195 | D:10     | Annihilated by a two-headed ogre

Illustrated notes

Levels and vault maps discovered:
D:1:      lightli_arrival_boilingwater, layout_basic
D:2:      layout_rooms, hellmonk_ecumenical_altar_inner_sanctum,
          minmay_tree_intersection
D:3:      layout_rooms, nicolae_overflow_hidden_temple, slow_altar_1,
          mainiacjoe_overflow_six_doors_small, minmay_misc_feat_cross
D:4:      layout_basic, nicolae_dithmenos_shadow_blocks, serial_shops,
          nicolae_shop_temple_entry_statues_fountains, serial_corexii_hall,
          corexii_hall_statues_i, chequers_hall_statues_y,
          minmay_fractal_squares_gapless_5, uniq_ijyb
D:5:      layout_loops_ring, minmay_hollow_rounded_squares
D:7:      layout_gridville, serial_shops, nicolae_shop_trees,
          nicolae_diamond_shop, shop_fountains, shop, shop, uniq_menkaure
D:10:     layout_layer_cave, serial_bayou, serial_bayou_shore_a,
          serial_bayou_pond_b, serial_bayou_pond_d, serial_bayou_shore_b,
          hangedman_weighted_door, corexii_corridor_pit,
          nicolae_shop_firing_range, uniq_erica

Skill      XL: |  1  2  3  4  5  6  7  8 |
---------------+-------------------------+-----
Polearms       | 5 6 8 10 | 10.0
Armour         | 1 2 |  2.4
Fighting       | 3 4 5 |  5.4
Dodging        | 5 6 |  6.5
Shields        | 1 3 |  3.6
Throwing       | |  2.0

Action                   |  1- 3 |  4- 6 |  7- 9 || total
-------------------------+-------+-------+-------++-------
Melee: Trident           |   110 |   162 |     3 ||   275
       Glaive            |       |       |   117 ||   117
  Use: Scroll            |       |     5 |     4 ||     9
       Potion            |       |     1 |       ||     1
 Stab: Distracted        |     1 |       |       ||     1
Armor: Leather armour    |    10 |       |       ||    10
       Scale mail        |    20 |    33 |    42 ||    95
Dodge: Dodged            |    52 |    59 |    91 ||   202
Block: Buckler           |       |    18 |       ||    18

Table legend: (Time is in decaauts)
 A = Elapsed time spent in this place.
 B = Non-inter-level travel time spent in this place.
 C = Inter-level travel time spent in this place.
 D = Time resting spent in this place.
 E = Time spent auto-exploring this place.
 F = Levels seen in this place.
 G = Mean time per level.
                   A        B        C        D        E       F      G
               +--------+--------+--------+--------+--------+-----+--------+
         Total |   5252 |   5131 |    121 |   1911 |   2325 |   7 |  750.3 |
       Dungeon |   5252 |   5131 |    121 |   1911 |   2325 |   7 |  750.3 |
               +--------+--------+--------+--------+--------+-----+--------+

Top non-repeatable levels by time:
     D:4: 2474 daAuts
     D:5: 756 daAuts
     D:2: 704 daAuts
     D:3: 661 daAuts
     D:1: 613 daAuts
    D:10: 39 daAuts
     D:7: 3 daAuts
